 Dungeon Crawl Stone Soup version 0.31.0-1-g2c135a008e (webtiles) character file.

Game seed: 9429940910934961760

1173 Destapler the Ruffian (level 8, -1/64 (80) HPs)
             Began as a Troll Berserker on Jan 20, 2024.
             Was an Elder of Trog.
             Killed by divine providence
             ... invoked by Jeremiah
              (12 damage)
             ... on level 6 of the Dungeon.
             The game lasted 00:07:59 (3174 turns).

Destapler the Ruffian (Troll Berserker)             Turns: 3174, Time: 00:08:00

HP:   -1/64 (80)    AC:  5    Str: 28    XL:     8   Next: 18%
MP:   7/7           EV: 12    Int:  3    God:    Trog [****..]
Gold: 276           SH:  0    Dex: 15    Spells: 7/7 levels left

rFire   . .          .
                       - Unarmed
rCold   . . .        (no shield)
rNeg    . . .        a - +1 animal skin
rPois   .            (helmet restricted)
rElec   .            (no cloak)
rCorr   .            (gloves unavailable)
SInv    .            (boots unavailable)
Will    ++...        (no amulet)
Stlth   +            g - +6 ring of dexterity
HPRegen 2.10/turn    (no ring)
MPRegen 0.10/turn

%: no passive effects
@: strong-willed (expiring), on berserk cooldown, regenerating (expiring),
slowed, heavily drained, very slow
A: large, unfitting armour, claws 3, regeneration 1, shaggy fur 1, tough skin 1
a: Renounce Religion, Berserk, Trog's Hand, Brothers in Arms


You were on level 6 of the Dungeon.
You worshipped Trog.
Trog was greatly pleased with you.
You visited 1 branch of the dungeon, and saw 6 of its levels.

You collected 276 gold pieces.

Inventory:

Armour
 a - a +1 animal skin (worn)
Jewellery
 g - a +6 ring of dexterity (left claw)
Wands
 l - a wand of roots (6)
Scrolls
 e - 3 scrolls of teleportation
 j - a scroll of blinking
 k - a scroll of immolation
Potions
 b - 2 potions of lignification
 c - 2 potions of attraction
 i - a potion of berserk rage {unknown}
 m - a potion of degeneration {unknown}
 o - 2 potions of haste
 p - 2 potions of enlightenment
 q - a potion of invisibility {unknown}
 s - a potion of mutation {unknown}


   Skills:
 + Level 5.3 Fighting
 + Level 5.2 Dodging
 + Level 6.3 Unarmed Combat


You had 7 spell levels left.
You didn't know any spells.
Your spell library contained the following spells:

 Spells                   Type           Power      Damage    Failure   Level
 Blink                    Tloc           0%         N/A       67%         2
 Inner Flame              Hex/Fire       0%         N/A       88%         3
 Flame Wave               Conj/Fire      0%         2d4       99%         4
 Sticky Flame             Fire/Alch      0%         2d4       99%         4


Dungeon Overview and Level Annotations

Branches:
Dungeon (6/15)
 Temple: D:4-7

Altars:
Sif Muna
Trog
Uskayaw
Xom

Shops:
D:5 :

Annotations:
D:6 Jeremiah


Innate Abilities, Weirdness & Mutations

You are too large for most types of armour.
You have claws for hands.
Your natural rate of healing is unusually fast.
You are covered in fur. (AC +1)
You have tough skin. (AC +1)


Message History

Jeremiah is almost dead.
The butterfly disappears in a burst of colours! x2
Jeremiah hops!
The butterfly disappears in a burst of colours!
You feel the effects of Trog's Hand fading.
The butterfly disappears in a burst of colours! x2
Jeremiah hits you from afar with a +3 trident of draining!
* * * LOW HITPOINT WARNING * * *
You feel drained.
* * * LOW HITPOINT WARNING * * *
The butterfly disappears in a burst of colours! x2
Jeremiah hits you from afar with a +3 trident of draining!
* * * LOW HITPOINT WARNING * * *
You feel drained.
* * * LOW HITPOINT WARNING * * *
Jeremiah hits you from afar with a +3 trident of draining.
* * * LOW HITPOINT WARNING * * *
You feel drained.
* * * LOW HITPOINT WARNING * * *
Failed to move towards target.
Failed to move towards target.
Failed to move towards target.
Failed to move towards target.
Unknown command.
Failed to move towards target.
You claw the butterfly!
You kill the butterfly!
The butterfly disappears in a burst of colours! x2
Jeremiah hits you from afar with a +3 trident of draining!
* * * LOW HITPOINT WARNING * * *
You feel drained.
You barely miss the butterfly.
The butterfly disappears in a burst of colours! x2
Jeremiah closely misses you.
You miss the butterfly.
The butterfly disappears in a burst of colours! x3
Jeremiah cries, "Fearful master, protect me!"
Something smites you!
You die...
Jeremiah wails, "I didn't mean to kill anyone!
I'm not a murderer!"

##...## ..##
..#####....## #....
#.......#...####...
#.......##....#..#
#.####..###....b.#
#.## #......#####.#
#.# ##.bb.bF.......
#.# #..b..bbbb...#
..# #...b.b@##b.
...##..bb..##
...b.....#
....b......#
....)..###..b.
.......# ##...#
#...... #..# #..##.
#.# #[. ..


You could see Jeremiah.

Vanquished Creatures
  The ghost of iamserjio the Insei, an amateur OpSh (D:4)
  Duvessa (D:4)
  An ice beast (D:5)
  3 scorpions
  Dowan (D:4)
  2 bombardier beetles
  A jelly (D:4)
  An orc priest (D:3)
  3 hounds
  Ijyb (D:3)
  An iguana (D:5)
  An orc wizard (D:3)
  Terence (D:3)
  Robin (D:3)
  5 gnolls
  6 adders
  A shadow imp (D:5)
  2 ufetubi (D:5)
  2 ribbon worms
  2 dart slugs
  22 orcs
  4 bats
  4 endoplasms
  5 giant cockroaches
  12 goblins
  7 hobgoblins
  7 jackals (D:1)
  4 kobolds
  A quokka (D:1)
  6 ball pythons
  4 frilled lizards
  10 rats
123 creatures vanquished.

Notes
Turn   | Place    | Note
-------+----------+-------------------------------------------
     0 | D:1      | Destapler the Troll Berserker began the quest for the Orb.
     0 | D:1      | Reached XP level 1. HP: 22/22 MP: 0/0
    93 | D:1      | Reached XP level 2. HP: 29/29 MP: 1/1
   474 | D:1      | Reached ** piety under Trog
   475 | D:1      | Reached XP level 3. HP: 36/36 MP: 2/2
   981 | D:2      | Reached XP level 4. HP: 45/45 MP: 3/3
  1098 | D:3      | Reached skill level 4 in Unarmed Combat
  1104 | D:3      | Reached XP level 5. HP: 25/53 MP: 4/4
  1307 | D:3      | Noticed Ijyb
  1311 | D:3      | Noticed Terence
  1317 | D:3      | Killed Ijyb
  1319 | D:3      | Killed Terence
  1322 | D:3      | Reached *** piety under Trog
  1364 | D:3      | Reached XP level 6. HP: 52/62 MP: 5/5
  1396 | D:3      | Found a shimmering altar of Xom.
  1403 | D:3      | Noticed Robin
  1414 | D:3      | Killed Robin
  1670 | D:4      | Found a large runed translucent door.
  1674 | D:4      | Found a large runed translucent door.
  1674 | D:4      | Noticed iamserjio's ghost (amateur OpSh)
  1866 | D:4      | Reached skill level 5 in Unarmed Combat
  2134 | D:4      | Found a hide-covered altar of Uskayaw.
  2395 | D:4      | Noticed Duvessa
  2396 | D:4      | Found a bloodstained altar of Trog.
  2405 | D:4      | Killed Duvessa
  2406 | D:4      | Reached XP level 7. HP: 71/71 MP: 6/6
  2409 | D:4      | Noticed Dowan
  2410 | D:4      | Found a shimmering blue altar of Sif Muna.
  2414 | D:4      | Killed Dowan
  2418 | D:4      | Got Sif Muna's Lessons on Points
  2543 | D:4      | Killed iamserjio's ghost
  2557 | D:5      | Entered Level 5 of the Dungeon
  2678 | D:5      | Reached skill level 5 in Fighting
  2678 | D:5      | Reached skill level 5 in Dodging
  2678 | D:5      | Reached skill level 6 in Unarmed Combat
  2717 | D:5      | Reached **** piety under Trog
  2736 | D:5      | Reached XP level 8. HP: 79/80 MP: 7/7
  3025 | D:5      | Found Abluohyon's Book Shop.
  3147 | D:6      | Noticed Jeremiah
  3174 | D:6      | Killed from afar by Jeremiah

Illustrated notes

Levels and vault maps discovered:
D:1:      dpeg_arrival_prison, layout_loops_ring, serial_bayou_lagoon_a,
          minivault_25
D:2:      layout_rooms
D:3:      layout_rooms, mainiacjoe_overflow_paths, minmay_bisected, uniq_ijyb,
          uniq_terence, uniq_robin
D:4:      minmay_spotlight, layout_basic, nzn_overflow_gifts_of_might_and_magic,
          lemuel_crystal_altar, ebering_ghost_disaster_area
D:5:      layout_rooms, serial_shops, nicolae_shop_tiny_statue_garden
D:6:      layout_layer_cave, minmay_temple_entry_crystal_x,
          columned_hall_lemuel, uniq_jeremiah

Skill      XL: |  1  2  3  4  5  6  7 |
---------------+----------------------+-----
Fighting       | 3 4 5 |  5.3
Dodging        | 3 4 5 |  5.2
Unarmed Combat | 4 5 6 |  6.3

Action                     |  1- 3 |  4- 6 |  7- 9 || total
---------------------------+-------+-------+-------++-------
  Melee: Unarmed           |    88 |   137 |    84 ||   309
         Punch             |       |     6 |     6 ||    12
 Invoke: Berserk           |       |     3 |     3 ||     6
         Trog's Hand       |       |       |     1 ||     1
  Evoke: Wand              |       |       |     2 ||     2
    Use: Potion            |       |     1 |       ||     1
         Scroll            |       |       |    10 ||    10
   Stab: Sleeping          |     2 |     3 |       ||     5
 Armour: Animal skin       |    62 |    86 |    61 ||   209
         Skin              |       |    15 |       ||    15
  Dodge: Dodged            |    45 |    74 |    65 ||   184
